Map: Estaleiro Orbital

Players

DrunkeNFiSt

  • Race: Terran Terran
  • League: Master

TheZergLord - Winner!

  • Race: Zerg Zerg
  • League: Master

VOD

Have the link to the VOD?

Description

Time

  • Played on: Feb. 18, 2016, 6:04 a.m.
  • Length: 16:00
Show
View Real Time Build Order
Export as new Build Order

DrunkeNFiSt Terran 

Build Orders: MMM Bio 

Get SALT Encoding   

  12  0:01  SCV  
  13  0:13  SCV  
  14  0:18  Supply Depot  
  14  0:25  SCV  
  15  0:39  SCV  
  15  0:40  Barracks  
  16  0:46  Refinery  
  16  0:52  SCV  
  16  0:56  Refinery  
  17  1:04  SCV  
  18  1:26  Barracks  
  18  1:28  Barracks  
  18  1:30  Reaper  
  19  1:41  Orbital Command  
  19  1:59  Supply Depot  
  19  2:02  Reaper  
  19  2:07  SCV  
  21  2:17  Reaper  
  21  2:19  SCV  
  21  2:21  Reaper  
  24  2:31  SCV  
  24  2:34  Reaper  
  26  2:43  SCV  
  27  2:49  Reaper  
  28  2:53  Reaper  
  28  2:55  SCV  
  30  3:07  Reaper  
  31  3:58  Command Center  
  31  4:00  Command Center  
  31  4:33  SCV  
  31  4:36  Barracks Reactor  
  31  4:37  Barracks Tech Lab  
  31  4:38  Barracks Tech Lab  
  24  4:41  Barracks  
  24  4:43  Barracks  
  24  4:45  Bunker, SCV  
  25  4:56  Marine, Stimpack  
  25  4:57  Marine, SCV  
  28  5:09  Orbital Command, SCV  
  28  5:13  Marine x2  
  31  5:14  Marine x2  
  34  5:21  SCV  
  34  5:28  Orbital Command  
  34  5:31  Marine x2  
  34  5:32  Marine x2  
  34  5:34  SCV  
  34  5:35  SCV  
  40  5:38  Barracks Reactor  
  40  5:40  Barracks Reactor  
  40  5:46  SCV  
  40  5:47  SCV  
  40  5:49  Factory, Marine  
  43  5:51  Marine x3  
  43  5:54  SCV  
  47  5:58  SCV  
  47  5:59  SCV  
  49  6:06  Marine, SCV  
  49  6:08  Marine  
  49  6:09  Marine  
  49  6:11  SCV x2  
  54  6:16  Supply Depot, Marine x3  
  54  6:17  Marine x2  
  54  6:18  SCV  
  61  6:28  Combat Shields  
  61  6:34  Starport, Factory Reactor  
  61  6:37  Marine  
  61  6:38  Marauder x2, SCV x3  
  61  6:39  Supply Depot  
  69  6:41  Supply Depot  
  69  6:42  Orbital Command  
  69  6:44  Marine  
  70  6:50  SCV x2  
  72  6:55  Marine x2  
  72  6:56  Marine x3  
  72  7:00  Marine  
  80  7:01  Marauder  
  80  7:02  SCV  
  80  7:05  Marine  
  80  7:06  SCV  
  80  7:08  SCV  
  84  7:13  Marine x2  
  84  7:14  SCV  
  87  7:17  Engineering Bay  
  87  7:18  SCV  
  87  7:19  Marauder  
  87  7:20  SCV  
  87  7:21  Engineering Bay  
  91  7:26  SCV  
  92  7:30  Factory Reactor, SCV  
  92  7:31  Medivac x2  
  92  7:32  SCV  
  92  7:34  Supply Depot  
  92  7:36  Supply Depot  
  98  7:37  Marine x3  
  101  7:56  Marine x5, SCV x2  
  101  7:57  Marine  
  101  7:58  Terran Infantry Armor Level 1, Terran Infantry Weapons Level 1  
  109  8:01  SCV  
  109  8:02  Refinery x2  
  110  8:08  SCV  
  110  8:11  Marine x2  
  113  8:17  Medivac, Marine  
  116  8:20  SCV  
  117  8:29  Command Center  
  117  8:41  Supply Depot  
  117  8:42  Supply Depot x2  
  117  9:01  Marine  
  117  9:02  Widow Mine x2, Marine x2  
  117  9:03  Medivac, Marine x2, SCV  
  109  9:16  Marine x2  
  110  9:17  Orbital Command  
  110  9:19  Marine x2  
  110  9:21  SCV x2  
  109  9:30  Marine x2  
  80  9:32  Marine x2  
  80  9:34  Marine x2  
  80  9:37  Marine x2, SCV x2  
  80  9:43  SCV  
  72  9:45  Planetary Fortress  
  72  9:47  Marine  
  72  9:48  Marine  
  72  9:49  Missile Turret, SCV  
  72  9:50  Marine, SCV  
  72  9:51  Armory  
  77  9:55  SCV  
  77  9:58  Marine x5  
  79  10:01  SCV  
  79  10:02  SCV  
  79  10:05  Marine x2  
  83  10:07  SCV  
  83  10:08  Marine  
  83  10:14  SCV x2  
  87  10:15  Widow Mine  
  87  10:16  Widow Mine, Marine x5  
  87  10:19  SCV  
  87  10:20  Medivac x2  
  101  10:23  Marine x2, SCV  
  101  10:25  Marine  
  101  10:26  Missile Turret  
  105  10:30  SCV x2  
  105  10:31  SCV  
  105  10:32  Bunker  
  105  10:33  Marine  
  105  10:34  Missile Turret  
  105  10:35  SCV  
  110  10:37  Missile Turret  
  110  10:38  Missile Turret  
  110  10:40  Terran Infantry Weapons Level 2  
  110  10:42  SCV  
  111  10:44  Widow Mine x2  
  115  10:54  Marine  
  115  10:56  Marine x2  
  114  11:12  SCV x2  
  116  11:21  Marine x5  
  116  11:22  Widow Mine x2, Marine x3  
  116  11:23  Medivac x2  
  132  11:25  Terran Infantry Armor Level 2  
  132  11:31  Barracks  
  133  11:32  Factory, SCV  
  133  11:33  Barracks  
  133  11:39  Marine x2  
  135  11:40  Marauder  
  135  11:45  Marine x2, SCV  
  140  11:51  Marine  
  140  11:52  Marine  
  136  11:57  SCV  
  131  12:14  Marine  
  104  12:18  Marine x2  
  104  12:19  Marine x2  
  104  12:20  Marine  
  104  12:22  SCV x2  
  80  12:25  SCV x2  
  79  12:34  Marine, SCV x2  
  79  12:35  Widow Mine x2, Marine x2  
  79  12:36  Marine x2  
  88  12:37  Marine x2, SCV x2  
  88  12:38  Medivac x2, Marine  
  96  12:46  SCV  
  97  12:52  Marine x2  
  97  12:53  Marine x2  
  97  12:54  Marine  
  97  12:55  Marine x2  
  97  12:56  Marine  
  97  12:57  Barracks Reactor x2  
  105  12:59  Factory Tech Lab  
  105  13:10  Marine x3  
  105  13:11  Marine x2  
  105  13:12  Marine  
  110  13:13  Marine  
  110  13:14  Marine  
  111  13:22  Widow Mine x2  
  111  13:23  Widow Mine  
  117  13:28  Marine x3  
  117  13:29  Marine x2  
  117  13:30  Marine  
  117  13:31  Marine  
  117  13:32  Marine  
  125  13:34  Marine  
  125  13:35  Marine x3  
  129  13:45  Marine  
  129  13:46  Marine x2  
  129  13:47  Marine x2, SCV x3  
  129  13:48  Marine x2  
  137  13:49  SCV  
  140  14:01  Supply Depot  
  140  14:03  Supply Depot  
  140  14:11  Liberator x2  
  140  14:19  Marine  
  140  14:20  Widow Mine x2, Marine x4, SCV  
  140  14:21  Marine x4  
  140  14:22  Widow Mine, Marine x3  
  145  14:36  Ghost Academy  
  145  14:37  Marine  
  145  14:38  Marine x4  
  143  14:39  Marine  
  143  14:40  Marine x2  
  129  14:48  Widow Mine  
  129  14:49  Widow Mine  
  129  14:50  Widow Mine  
  129  14:52  Marine x4  
  126  14:53  Liberator  
  126  14:54  Liberator  
  126  14:55  Marauder  
  126  14:56  Marine x3  
  126  14:57  Marauder, Marine  
  126  14:58  Orbital Command  
  122  15:14  Marine  
  122  15:15  Marine x2  
  122  15:17  Widow Mine  
  127  15:22  Ghost x2  
  131  15:30  SCV  
  131  15:34  SCV  
Show
View Real Time Build Order
Export as new Build Order

TheZergLord Zerg - Winner!

Build Orders: Hatch First, Muta Ling Bane 

Get SALT Encoding   

  12  0:01  Drone  
  13  0:13  Overlord  
  13  0:18  Drone  
  14  0:32  Drone x2  
  16  0:35  Drone  
  17  0:56  Hatchery  
  16  0:58  Drone  
  17  1:09  Spawning Pool  
  16  1:12  Drone  
  16  1:14  Extractor  
  16  1:20  Drone  
  16  1:21  Drone  
  18  1:29  Drone  
  19  1:40  Overlord  
  19  1:56  Queen  
  19  1:57  Zergling x2  
  22  2:01  Drone  
  22  2:07  Queen  
  25  2:08  Zergling x2  
  25  2:13  Zergling x2  
  27  2:18  Metabolic Boost  
  27  2:20  Drone  
  28  2:43  Drone x2, Queen  
  31  2:55  Overlord  
  31  2:56  Drone x2  
  33  2:58  Hatchery, Zergling x2  
  33  3:02  Zergling x4  
  35  3:08  Spine Crawler  
  35  3:12  Overlord  
  34  3:19  Queen  
  33  3:25  Zergling x4  
  35  3:31  Zergling x6  
  35  3:42  Zergling x2  
  35  3:43  Zergling x6  
  38  3:51  Queen  
  33  4:10  Zergling x10  
  37  4:21  Zergling x2  
  37  4:22  Zergling x2  
  29  4:33  Drone x2  
  30  4:39  Drone  
  30  4:43  Drone x4  
  35  4:48  Queen  
  35  4:50  Queen  
  39  4:53  Drone x2  
  41  5:01  Drone x2  
  43  5:10  Drone x3  
  46  5:15  Drone x2  
  46  5:16  Drone x2  
  50  5:22  Drone  
  50  5:27  Drone  
  50  5:28  Drone x2  
  54  5:38  Drone x3  
  57  5:48  Drone  
  58  5:50  Overlord x2  
  58  5:55  Lair  
  58  6:08  Overlord x2  
  58  6:12  Drone x6  
  58  6:13  Drone x2  
  58  6:15  Overlord x2  
  66  6:27  Hatchery  
  66  6:28  Drone x5  
  66  6:32  Extractor  
  69  6:33  Extractor  
  69  6:35  Baneling Nest, Extractor  
  69  6:36  Extractor  
  69  6:38  Extractor  
  64  6:41  Drone  
  64  6:42  Drone x5  
  64  6:46  Zergling x6  
  73  6:47  Hatchery  
  73  6:48  Zergling x2  
  73  7:02  Drone x3  
  76  7:09  Zergling x8  
  79  7:16  Drone x5, Spire  
  79  7:20  Baneling x3  
  79  7:22  Centrifical Hooks  
  83  7:25  Drone x2  
  83  7:27  Drone x2  
  83  7:28  Evolution Chamber, Drone  
  83  7:29  Evolution Chamber  
  86  7:31  Baneling x3  
  86  7:32  Baneling  
  86  7:33  Baneling  
  86  7:43  Queen  
  88  7:44  Drone  
  88  7:47  Drone x3  
  92  7:54  Zergling x2  
  92  7:55  Zergling x4  
  92  7:58  Zerg Ground Armor Level 1, Zerg Melee Weapons Level 1  
  95  7:59  Queen  
  95  8:02  Baneling x9  
  95  8:03  Baneling  
  95  8:04  Zergling x2  
  98  8:17  Zergling x10  
  98  8:18  Zergling x14  
  110  8:21  Baneling x8  
  105  8:45  Overlord  
  105  8:46  Overlord x4  
  105  9:05  Mutalisk x8  
  105  9:08  Zergling x16  
  129  9:15  Zergling x4  
  121  9:28  Zergling x2  
  121  9:29  Zergling x4  
  113  9:35  Mutalisk x3  
  113  9:36  Mutalisk  
  116  9:48  Drone  
  117  10:01  Zerg Ground Armor Level 2, Zerg Melee Weapons Level 2  
  117  10:05  Baneling x4  
  117  10:06  Baneling  
  117  10:09  Hatchery  
  117  10:10  Zergling x14  
  123  10:14  Infestation Pit  
  123  10:17  Hatchery  
  123  10:18  Drone x2  
  123  10:29  Drone  
  123  10:30  Drone  
  123  10:31  Drone x3  
  123  10:32  Drone  
  123  10:34  Drone  
  130  10:38  Baneling x5  
  130  10:39  Zergling x2, Baneling x9  
  131  10:52  Zergling x8  
  131  10:56  Hive  
  136  11:14  Overlord x3  
  136  11:16  Baneling x4  
  136  11:17  Baneling x9  
  135  11:19  Overseer  
  135  11:20  Pneumatized Carapace  
  135  11:35  Zergling x2  
  135  11:36  Zergling x32  
  152  11:48  Queen  
  152  11:49  Drone  
  152  11:50  Drone x8  
  152  11:51  Drone  
  156  12:13  Zergling x2  
  156  12:14  Zergling x30  
  127  12:25  Zerg Ground Armor Level 3, Zerg Melee Weapons Level 3  
  127  12:27  Ultralisk Cavern  
  127  12:28  Extractor  
  122  12:31  Extractor  
  122  12:33  Drone x3  
  122  12:36  Baneling x5  
  124  12:39  Adrenal Glands  
  124  12:51  Baneling x3  
  123  13:10  Hatchery  
  122  13:18  Zergling x10  
  122  13:19  Zergling x8  
  130  13:29  Chitinous Plating  
  130  13:30  Ultralisk x3  
  148  13:34  Baneling  
  148  13:35  Baneling x9  
  148  13:42  Zergling x10  
  153  13:55  Overlord x3  
  153  13:56  Overlord  
  153  13:57  Zergling x10  
  145  14:29  Ultralisk x4  
  169  14:39  Extractor  
  162  14:56  Ultralisk x3  
  162  14:59  Mutalisk x3  
  193  15:30  Drone x2  
  193  15:34  Overseer x2  
  193  15:41  Zergling x4  
Tags
 
Add a new tag
Caveats
  • Supply blocks, unpowered buildings, or Contaminate may cause inaccurate times.
  • Supply counts are checked every 10 seconds.